 Dungeon Crawl Stone Soup version 0.30-a0-368-g86fb4627a9 (webtiles) character file.

Game seed: 17265558119167350859

61 Sweetruy1997 the Chopper (level 4, -2/40 HPs)
             Began as a Hill Orc Monk on Nov 18, 2022.
             Slain by an iguana (7 damage)
             ... on level 3 of the Dungeon.
             The game lasted 00:04:45 (2292 turns).

Sweetruy1997 the Chopper (Hill Orc Monk)            Turns: 2292, Time: 00:04:46

Health: -2/40      AC:  5    Str: 13    XL:     4   Next: 7%
Magic:  1/4        EV: 12    Int: 10    God:
Gold:   181        SH:  0    Dex: 15    Spells: 2/3 levels left

rFire   . . .      SeeInvis .    a - +0 hand axe
rCold   . . .      Faith    .    n - orb {mayhem}
rNeg    . . .      Spirit   .    j - +0 leather armour
rPois   .          Reflect  .    (no helmet)
rElec   .          Harm     .    (no cloak)
rCorr   +          Rampage  .    k - +0 pair of gloves
Will    .....                    g - +0 pair of boots
Stlth   ++........               (no amulet)
HPRegen 0.26/turn                i - ring of resist corrosion
MPRegen 0.09/turn                (no ring)

@: very slightly contaminated
A: no striking features
a: no special abilities


You were on level 3 of the Dungeon.
You visited 1 branch of the dungeon, and saw 3 of its levels.

You collected 181 gold pieces.

Inventory:

Hand Weapons
 a - a +0 hand axe (weapon)
Armour
 g - a +0 pair of boots (worn)
 j - a +0 leather armour (worn)
 k - a +0 pair of gloves (worn)
 n - an orb of mayhem (worn)
Jewellery
 i - a ring of resist corrosion (left hand)
Scrolls
 b - a scroll of enchant armour {unknown}
 d - a scroll of noise {unknown}
 e - a scroll of amnesia {unknown}
 f - a scroll of blinking
 m - 2 scrolls of identify {unknown}
 r - 2 scrolls of teleportation {unknown}
 s - a scroll of fear {unknown}
Potions
 c - a potion of ambrosia
 h - a potion of curing {unknown}
 l - 2 potions of might {unknown}
 o - a potion of attraction {unknown}
 p - a potion of haste {unknown}
 q - a potion of cancellation {unknown}


   Skills:
 - Level 4.0 Fighting
 + Level 5.0 Axes
 + Level 0.5 Armour
 + Level 2.9 Dodging
 + Level 1.7 Stealth
 + Level 0.2 Spellcasting
 + Level 0.5 Conjurations


You had 2 spell levels left.
You knew the following spells:

 Your Spells              Type           Power      Damage    Failure   Level
a - Magic Dart            Conj           4%         1d3       36%         1

Your spell library contained the following spells:

 Spells                   Type           Power      Damage    Failure   Level
 Call Imp                 Summ           0%         N/A       58%         2
 Sublimation of Blood     Necr           0%         N/A       58%         2
 Mephitic Cloud           Conj/Pois/Air  0%         N/A       80%         3
 Petrify                  Tmut/Erth      0%         N/A       99%         4
 Irradiate                Conj/Tmut      0%         3d11      100%        5


Dungeon Overview and Level Annotations

Branches:
Dungeon (3/15)

Altars:


Message History

s - a scroll labelled RECOYST CYORRATAT
Found an escape hatch in the ceiling.
Found a hand axe.
You see here a +0 robe.
You see here a +0 flail.
Found a ring mail.
You can't see any susceptible monsters within range! (Use Z to cast anyway.)
A giant cockroach comes into view.
Found a smoky purple potion.
A ball python comes into view.
Found 2 smoky green potions.
You miscast Magic Dart.
You are very lightly contaminated with residual magic.
Nothing appears to happen.
The magic dart hits the giant cockroach.
The giant cockroach is severely wounded.
You miscast Magic Dart.
Nothing appears to happen.
The ball python hisses angrily.
An iguana comes into view.
You miscast Magic Dart.
Nothing appears to happen.
The iguana hisses angrily.
The giant cockroach completely misses you.
You hit the giant cockroach.
You kill the giant cockroach!
You see here a giant cockroach corpse.
You hit the ball python.
You kill the ball python!
The iguana flies into a frenzy!
The iguana hisses angrily.
A ball python comes into view.
Found a blue potion.
The ball python hisses angrily.
The iguana bites you! The iguana bites you.
You closely miss the iguana. The iguana bites you.
You hit the iguana but do no damage. The iguana bites you! x2
* * * LOW HITPOINT WARNING * * *
The iguana attacks as you move away! The iguana misses you.
You see here a giant cockroach corpse.
The iguana bites you!
You die...

####### ##......#
##...!.... #.........
#......... .....
#......!.. .....
#......... ......
###l........ .......
#.@......... ......##
#.#..S...... .......###
##.#.........
....^....#####..#........!
.......#....[...#.........
.......#.######...........
......<#.# ##..........
......##.#####..##......
..........##...## #####


You could see a ball python and a neutral iguana (fast, strong, insane).

Vanquished Creatures
  An adder (D:3)
  4 dart slugs
  6 ball pythons
  8 bats
  3 endoplasms
  2 giant cockroaches (D:3)
  5 hobgoblins
  5 kobolds
  2 quokkas (D:1)
  3 frilled lizards (D:2)
  4 goblins
43 creatures vanquished.

Vanquished Creatures (others)
  10 plants
10 creatures vanquished.

Grand Total: 53 creatures vanquished

Notes
Turn   | Place    | Note
-------+----------+-------------------------------------------
     0 | D:1      | Sweetruy1997 the Hill Orc Monk began the quest for the Orb.
     0 | D:1      | Reached XP level 1. HP: 19/19 MP: 1/1
   312 | D:1      | Reached XP level 2. HP: 20/27 MP: 2/2
  1258 | D:2      | Reached XP level 3. HP: 32/33 MP: 3/3
  1414 | D:2      | Learned a level 1 spell: Magic Dart
  1891 | D:3      | Reached skill level 5 in Axes
  2151 | D:3      | Reached XP level 4. HP: 38/40 MP: 0/4
  2292 | D:3      | Slain by an iguana

Illustrated notes

Levels and vault maps discovered:
D:1:      psy_arrival_conway, layout_basic, minmay_liquid_box,
          nicolae_eternal_life
D:2:      layout_rooms, serial_forest, infiniplex_forest_clump_tiny,
          infiniplex_forest_clump_diagonal, infiniplex_forest_end_2,
          infiniplex_forest_end_1, infiniplex_forest_zigzag_2
D:3:      layout_rooms, gammafunk_ghost_gnarly_gnolls

Skill      XL: |  1  2  3 |
---------------+----------+-----
Fighting       | 4 |  4.0
Axes           | 5 |  5.0
Armour         | |  0.5
Dodging        | |  2.9
Stealth        | |  1.7
Spellcasting   | |  0.2
Conjurations   | |  0.5

Action                   |  1- 3 |  4- 6 || total
-------------------------+-------+-------++-------
Melee: Hand axe          |   107 |     8 ||   115
       Punch             |     1 |       ||     1
 Cast: Magic Dart        |    14 |     1 ||    15
  Use: Scroll            |     1 |       ||     1
 Stab: Sleeping          |     3 |       ||     3
Armor: Robe              |     9 |       ||     9
       Leather armour    |    21 |     1 ||    22
Dodge: Dodged            |    82 |     5 ||    87

Table legend: (Time is in decaauts)
 A = Elapsed time spent in this place.
 B = Non-inter-level travel time spent in this place.
 C = Inter-level travel time spent in this place.
 D = Time resting spent in this place.
 E = Time spent auto-exploring this place.
 F = Levels seen in this place.
 G = Mean time per level.
                   A        B        C        D        E       F      G
               +--------+--------+--------+--------+--------+-----+--------+
         Total |   2304 |   2194 |    110 |    104 |   1698 |   3 |  768.0 |
       Dungeon |   2304 |   2194 |    110 |    104 |   1698 |   3 |  768.0 |
               +--------+--------+--------+--------+--------+-----+--------+

Top non-repeatable levels by time:
     D:1: 1110 daAuts
     D:2: 735 daAuts
     D:3: 458 daAuts
